AoeStats
← SiulO1NE

Black Forest

509276232Analyzed
3v3 RM · 5d ago on Sep 26, 2026· 58m 44s· 6 players
Game mode
Random Map
Map size
Normal (6 player)
Population
200
Speed
Normal
Resources
Standard
Victory
Conquest
Starting age
Dark Age
Ending age
Imperial Age
RankedLock teamsTeams togetherTeam positionsShared explorationLock speedFull tech treeHidden civsTurbo modeCheats
Victory
Defeat
🇧🇷 Britons · Brazil
707
+15
🇹🇷 Burgundians · Türkiye
702
+15
🇧🇷 Portuguese · Brazil
689
+15
🇺🇸 Saxons · United States
730
-18
🇺🇸 Jurchens · United States
686
-15
🇺🇸 Varangians · United States
615
-12
elsack19
0:28 Loom
17:11 Feudal Age
17:48 Fishing Lines
19:42 Double-Bit Axe
24:26 Castle Age
25:00 Bloodlines
25:32 Bow Saw
25:05 Horse Collar
25:51 Husbandry
26:12 Heavy Plow
26:28 Caravan
27:04 Gillnets
32:29 Imperial Age
30:58 Scale Barding Armor
31:04 Forging
30:47 Fletching
30:58 Padded Archer Armor
32:11 Fortified Bastions
33:43 Iron Casting
36:40 Heavy Rocket Cart
37:08 Treadmill Crane
37:23 Town Watch
38:14 Wheelbarrow
39:30 Elite Iron Pagoda
42:41 Chemistry
41:49 Siege Engineers
43:19 Bodkin Arrow
45:37 Hand Cart
C2E7W
4:51 Loom
12:02 Feudal Age
13:07 Horse Collar
13:15 Double-Bit Axe
17:45 Wheelbarrow
21:02 Castle Age
20:07 Forging
20:43 Scale Mail Armor
20:36 Arson
22:32 Chain Mail Armor
23:26 Squires
23:39 Fletching
25:16 Hand Cart
25:08 Town Watch
26:42 Heavy Plow
26:57 Bow Saw
27:11 Caravan
31:30 Imperial Age
30:01 Stone Mining
31:57 Coinage
31:39 Husbandry
31:45 Gold Mining
31:42 Elite Varangian Guard
32:11 Gambesons
33:13 Gold Shaft Mining
34:23 Treadmill Crane
34:21 Capped Ram
35:14 Siege Engineers
36:25 Ballistics
36:38 Conscription
36:34 Pikeman
36:42 Shield Wall
37:07 Halberdier
38:31 Iron Casting
38:52 Elite Hearth Troop
50:50 Siege Ram
51:43 Heavy Scorpion
54:36 Town Patrol
58:35 Crop Rotation
redrazer7
0:57 Loom
17:23 Feudal Age
21:21 Castle Age
20:03 Double-Bit Axe
20:13 Horse Collar
21:56 Forging
21:48 Stone Mining
24:04 Stone Shaft Mining
23:53 Caravan
27:19 Gold Mining
27:35 Heavy Plow
29:23 Iron Casting
33:04 Imperial Age
32:26 Squires
35:17 Conscription
35:08 Elite Varangian Guard
37:34 Blast Furnace
36:52 Bow Saw
37:58 Wheelbarrow
41:18 Scale Mail Armor
42:26 Crop Rotation
43:13 Elite Skirmisher
44:35 Arson
44:38 Gambesons
44:59 Fletching
46:27 Two-Man Saw
45:48 Hand Cart
46:02 Bodkin Arrow
SiulO1NE
11:11 Feudal Age
13:19 Loom
16:31 Castle Age
14:36 Double-Bit Axe
14:50 Gold Mining
16:01 Horse Collar
20:09 Heavy Plow
23:21 Bow Saw
24:02 Stone Mining
30:18 Imperial Age
27:37 Town Watch
28:27 Wheelbarrow
27:36 Treadmill Crane
30:01 Town Watch
31:16 Ballistics
31:17 Hand Cart
31:53 Fletching
33:09 Two-Man Saw
34:03 Gold Shaft Mining
35:09 Yeomen
34:46 Bodkin Arrow
36:30 Town Patrol
36:31 Bracer
36:32 Scale Mail Armor
38:52 Chemistry
38:23 Conscription
37:47 Elite Longbowman
38:57 Forging
39:03 Chain Mail Armor
39:04 Pikeman
41:15 Plate Mail Armor
41:21 Iron Casting
42:27 Squires
41:50 Halberdier
44:04 Caravan
49:31 Warwolf
Vico
0:53 Loom
9:30 Double-Bit Axe
12:19 Wheelbarrow
15:04 Feudal Age
13:23 Fishing Lines
14:34 Gold Mining
16:12 Bow Saw
21:39 Castle Age
19:31 Horse Collar
20:21 Gillnets
21:23 Heavy Plow
24:03 Two-Man Saw
29:37 Imperial Age
27:18 Town Watch
27:46 Husbandry
29:10 Gold Shaft Mining
29:18 Ballistics
29:26 Hand Cart
30:44 Forging
30:44 Scale Barding Armor
32:28 Chemistry
32:37 Iron Casting
32:25 Masonry
33:46 Fortified Wall
34:52 Blast Furnace
39:32 Elite Coustillier
41:43 Murder Holes
43:42 Bombard Tower
45:16 Pikeman
46:26 Halberdier
47:07 Arson
47:23 Squires
54:36 Burgundian Vineyards
54:34 Arrowslits
54:58 Light Cavalry
55:37 Hussar
Lucão
0:27 Loom
15:51 Feudal Age
18:14 Wheelbarrow
17:26 Double-Bit Axe
20:28 Horse Collar
24:45 Castle Age
23:44 Stone Mining
23:47 Gold Mining
26:02 Hand Cart
27:25 Fortified Wall
30:40 Fishing Lines
34:14 Imperial Age
36:45 Chemistry
35:52 Siege Engineers
35:52 Heavy Plow
36:07 Bow Saw
37:00 Caravan
38:18 Stone Shaft Mining
38:43 Crop Rotation
41:02 Elite Organ Gun
42:27 Arquebus
44:49 Forging
44:39 Scale Mail Armor
44:34 Pikeman
48:12 Halberdier
49:35 Iron Casting
49:15 Chain Mail Armor
Connection lost

Rejoining the realm…

Still unreachable

The connection could not be restored.

Session expired

The server has moved on; the page needs a fresh start.